| TOP OF THE 1ST |
|
Mobile BayBears batting - Pitching for Colorado (EL) Rockies : RHP Dave Shanks
|
|
Pitching: RHP Dave Shanks
|
|
|
Batting: RHB Luke Stark
|
0-0: Ball 1-0: Ball 2-0: Called Strike 2-1: Ball 3-1: Base on Balls
|
|
Batting: RHB Francisco Gutierrez
|
0-0: Ball Luke Stark steals 2nd base 1-0: Ground out 6-3 (Groundball, 6, EV 88.8 MPH)
|
|
Batting: RHB Seth Tramontano
|
0-0: Foul Ball, location: 2F 0-1: Swinging Strike 0-2: Ground out 6-3 (Groundball, 6, EV 92.5 MPH)
|
|
Batting: SHB Rich Muniz
|
0-0: Called Strike 0-1: Called Strike 0-2: Ground out U3 (Groundball, 3, EV 81.2 MPH)
|
| Top of the 1st over - 0 runs, 0 hits, 0 errors, 1 left on base; Mobile 0 - Colorado (EL) 0 |
| BOTTOM OF THE 1ST |
|
Colorado (EL) Rockies batting - Pitching for Mobile BayBears : LHP Antoine Champagne
|
|
Pitching: LHP Antoine Champagne
|
|
|
Batting: LHB Nick Martin
|
0-0: Foul Ball, location: 2F 0-1: Ball 1-1: Ball 2-1: Foul Ball, location: 2F 2-2: Foul Ball, location: 2F 2-2: Foul Ball, location: 2F 2-2: Ball 3-2: Base on Balls
|
|
Batting: SHB Jamie Mims
|
0-0: Ground out 5-3 (Groundball, 56S, EV 70.0 MPH) Nick Martin to second
|
|
Batting: LHB Mick Tucker
|
0-0: Ball 1-0: Ball 2-0: Called Strike 2-1: Ball 3-1: Base on Balls
|
|
Batting: SHB Bobby Santor
|
0-0: Fly out, F9 (Flyball, 89M, EV 94.4 MPH)
|
|
Batting: RHB Chris Tatum
|
0-0: Ball 1-0: Called Strike 1-1: Called Strike 1-2: Ball 2-2: Ball 3-2: Ground out 2-3 (Groundball, 15S, EV 62.5 MPH)
|
| Bottom of the 1st over - 0 runs, 0 hits, 0 errors, 2 left on base; Mobile 0 - Colorado (EL) 0 |
| TOP OF THE 2ND |
|
Mobile BayBears batting - Pitching for Colorado (EL) Rockies : RHP Dave Shanks
|
|
Batting: RHB Josh Burrows
|
0-0: Ball 1-0: Foul Ball, location: 2F 1-1: Foul Ball, location: 2F 1-2: SOLO HOME RUN (Flyball, 9LD, EV 98.1 MPH), Distance : 387 ft
|
|
Batting: SHB Ken Welch
|
0-0: Called Strike 0-1: Ball 1-1: Called Strike 1-2: Ball 2-2: Foul Ball, location: 2F 2-2: Foul Ball, location: 2F 2-2: Ball 3-2: Fly out, F7 (Flyball, 7D, EV 102.5 MPH)
|
|
Batting: RHB D.J. Cooke
|
0-0: Ball 1-0: Ball 2-0: Called Strike 2-1: Ball 3-1: Fly out, F8 (Flyball, 8RD, EV 106.2 MPH)
|
|
Batting: RHB Sean Tanner
|
0-0: Ball 1-0: Called Strike 1-1: Swinging Strike 1-2: Ball 2-2: Ball 3-2: Strikes out looking
|
| Top of the 2nd over - 1 run, 1 hit, 0 errors, 0 left on base; Mobile 1 - Colorado (EL) 0 |
| BOTTOM OF THE 2ND |
|
Colorado (EL) Rockies batting - Pitching for Mobile BayBears : LHP Antoine Champagne
|
|
Batting: LHB Paul McClintock
|
0-0: Called Strike 0-1: Hit by Pitch
|
|
Batting: RHB Dwane Reed
|
0-0: Ball 1-0: DOUBLE (Line Drive, 9LM, EV 112.5 MPH) Paul McClintock to third
|
|
Batting: SHB Craig Ruzic
|
0-0: Ball 1-0: Ball 2-0: Ball 3-0: Called Strike 3-1: Fly out, F8 (Flyball, 8LM, EV 88.8 MPH)
|
|
Batting: LHB Daniel Green
|
0-0: Ball 1-0: Ball Passed Ball! Paul McClintock scores Dwane Reed to third 2-0: Called Strike 2-1: Ball 3-1: Called Strike 3-2: Fly out, F8 (Flyball, 8RM, EV 90.6 MPH)
|
|
Batting: LHB Nick Martin
|
0-0: Foul Ball, location: 2F 0-1: Ball 1-1: Fly out, F9 (Line Drive, 9S, EV 101.9 MPH)
|
| Bottom of the 2nd over - 1 run, 1 hit, 0 errors, 1 left on base; Mobile 1 - Colorado (EL) 1 |
| TOP OF THE 3RD |
|
Mobile BayBears batting - Pitching for Colorado (EL) Rockies : RHP Dave Shanks
|
|
Batting: RHB Carlos Ballesteros
|
0-0: Ball 1-0: Ground out 1-3 (Groundball, P, EV 65.0 MPH)
|
|
Batting: RHB Luke Stark
|
0-0: Foul Ball, location: 2F 0-1: Ball 1-1: Foul Ball, location: 2F 1-2: Ball 2-2: Ball 3-2: Strikes out swinging
|
|
Batting: RHB Francisco Gutierrez
|
0-0: Ball 1-0: Ground out 3-1 (Groundball, 34, EV 87.5 MPH)
|
| Top of the 3rd over - 0 runs, 0 hits, 0 errors, 0 left on base; Mobile 1 - Colorado (EL) 1 |
| BOTTOM OF THE 3RD |
|
Colorado (EL) Rockies batting - Pitching for Mobile BayBears : LHP Antoine Champagne
|
|
Batting: SHB Jamie Mims
|
0-0: Foul Ball, location: 2F 0-1: Ball 1-1: Foul Ball, location: 2F 1-2: Foul Ball, location: 2F 1-2: Ball 2-2: Ball 3-2: Ground out 5-3 (Groundball, 56, EV 85.0 MPH)
|
|
Batting: LHB Mick Tucker
|
0-0: Ball 1-0: SINGLE (Line Drive, 5D, EV 96.9 MPH)
|
|
Batting: SHB Bobby Santor
|
0-0: Ball 1-0: Fielders Choice at 2nd, 4-6 (Groundball, 34S, EV 85.6 MPH)
|
|
Batting: RHB Chris Tatum
|
0-0: Ball 1-0: Ball 2-0: Foul Ball, location: 2F 2-1: Foul Ball, location: 2F 2-2: DOUBLE (Flyball, 8RXD, EV 108.1 MPH) Bobby Santor to third Runner from 3rd tries for Home, SAFE, throw by CF to home
|
|
Batting: LHB Paul McClintock
|
0-0: Fly out, F7 (Flyball, 78S, EV 78.8 MPH)
|
| Bottom of the 3rd over - 1 run, 2 hits, 0 errors, 1 left on base; Mobile 1 - Colorado (EL) 2 |
| TOP OF THE 4TH |
|
Mobile BayBears batting - Pitching for Colorado (EL) Rockies : RHP Dave Shanks
|
|
Batting: RHB Seth Tramontano
|
0-0: Ball 1-0: Foul Ball, location: 2F 1-1: Foul Ball, location: 2F 1-2: Foul Ball, location: 2F 1-2: Ball 2-2: Foul Ball, location: 2F 2-2: Fly out, F8 (Flyball, 89M, EV 92.5 MPH)
|
|
Batting: SHB Rich Muniz
|
0-0: Called Strike 0-1: Ball 1-1: Hit by Pitch
|
|
Batting: RHB Josh Burrows
|
0-0: Called Strike Rich Muniz is caught stealing 2nd base 2-4 0-1: SINGLE (Groundball, P, EV 85.0 MPH) (infield hit)
|
|
Batting: SHB Ken Welch
|
0-0: Called Strike 0-1: 2-RUN HOME RUN (Flyball, 89XD, EV 106.9 MPH), Distance : 424 ft
|
|
Batting: RHB D.J. Cooke
|
0-0: Ball 1-0: Called Strike 1-1: Ball 2-1: Ball 3-1: Base on Balls
|
|
Batting: RHB Sean Tanner
|
0-0: Ball 1-0: Ball 2-0: Foul Ball, location: 2F 2-1: Ball D.J. Cooke is caught stealing 2nd base 2-4
|
| Top of the 4th over - 2 runs, 2 hits, 0 errors, 0 left on base; Mobile 3 - Colorado (EL) 2 |
| BOTTOM OF THE 4TH |
|
Colorado (EL) Rockies batting - Pitching for Mobile BayBears : LHP Antoine Champagne
|
|
Batting: RHB Dwane Reed
|
0-0: Foul Ball, location: 2F 0-1: Foul Ball, location: 2F 0-2: Ball 1-2: Strikes out looking
|
|
Batting: SHB Craig Ruzic
|
0-0: Swinging Strike 0-1: Swinging Strike 0-2: TRIPLE (Line Drive, 89XD, EV 101.9 MPH)
|
|
Batting: LHB Daniel Green
|
0-0: Called Strike 0-1: Ball 1-1: Ground out 4-3 (Groundball, 4, EV 85.6 MPH) Craig Ruzic scores
|
|
Batting: LHB Nick Martin
|
0-0: Swinging Strike 0-1: Ball 1-1: Foul Ball, location: 2F 1-2: Ball 2-2: Ball 3-2: Base on Balls
|
|
Batting: SHB Jamie Mims
|
0-0: Ball 1-0: Fielders Choice at 2nd, 6-4 (Groundball, 6, EV 88.8 MPH)
|
| Bottom of the 4th over - 1 run, 1 hit, 0 errors, 1 left on base; Mobile 3 - Colorado (EL) 3 |
| TOP OF THE 5TH |
|
Mobile BayBears batting - Pitching for Colorado (EL) Rockies : RHP Dave Shanks
|
|
Batting: RHB Sean Tanner
|
0-0: Ball 1-0: Ball 2-0: Ball 3-0: Called Strike 3-1: SINGLE (Groundball, 4MD, EV 101.9 MPH)
|
|
Pitching: LHP Jared Lummus
|
|
|
Batting: RHB Carlos Ballesteros
|
0-0: Ball 1-0: Ball 2-0: Called Strike 2-1: Ball 3-1: Foul Ball, location: 2F 3-2: Strikes out looking
|
|
Batting: RHB Luke Stark
|
0-0: Called Strike 0-1: Ball 1-1: Grounds into double play, 4-6-3 (Groundball, 4, EV 101.9 MPH)
|
| Top of the 5th over - 0 runs, 1 hit, 0 errors, 0 left on base; Mobile 3 - Colorado (EL) 3 |
| BOTTOM OF THE 5TH |
|
Colorado (EL) Rockies batting - Pitching for Mobile BayBears : LHP Antoine Champagne
|
|
Batting: LHB Mick Tucker
|
0-0: Ball 1-0: Foul Ball, location: 2F 1-1: SOLO HOME RUN (Flyball, 89XD, EV 105.0 MPH), Distance : 440 ft
|
|
Batting: SHB Bobby Santor
|
0-0: Swinging Strike 0-1: Called Strike 0-2: Foul Ball, location: 2F 0-2: Strikes out looking
|
|
Batting: RHB Chris Tatum
|
0-0: Foul Ball, location: 2F 0-1: Ball 1-1: Swinging Strike 1-2: Ball 2-2: Foul Ball, location: 2F 2-2: SINGLE (Groundball, 15S, EV 70.0 MPH) (infield hit)
|
|
Batting: LHB Paul McClintock
|
0-0: Ball 1-0: Ball 2-0: Called Strike 2-1: Fly out, F9 (Flyball, 89S, EV 86.9 MPH)
|
|
Batting: RHB Dwane Reed
|
0-0: Ball 1-0: Called Strike 1-1: Fielders Choice at 2nd, 6-4 (Groundball, 6, EV 78.1 MPH)
|
| Bottom of the 5th over - 1 run, 2 hits, 0 errors, 1 left on base; Mobile 3 - Colorado (EL) 4 |
| TOP OF THE 6TH |
|
Mobile BayBears batting - Pitching for Colorado (EL) Rockies : LHP Jared Lummus
|
|
Batting: RHB Francisco Gutierrez
|
0-0: Called Strike 0-1: Ball 1-1: Ball 2-1: Called Strike 2-2: Strikes out looking
|
|
Batting: RHB Seth Tramontano
|
0-0: Ball 1-0: Ball 2-0: Ball 3-0: Called Strike 3-1: Fly out, F9 (Flyball, 9D, EV 95.6 MPH)
|
|
Batting: SHB Rich Muniz
|
0-0: Ball 1-0: Called Strike 1-1: SINGLE (Line Drive, 6M, EV 97.5 MPH)
|
|
Batting: RHB Josh Burrows
|
0-0: Ball 1-0: Ball 2-0: Foul Ball, location: 2F 2-1: Ball Rich Muniz steals 2nd base 3-1: Fly out, F8 (Flyball, 8RM, EV 85.0 MPH)
|
| Top of the 6th over - 0 runs, 1 hit, 0 errors, 1 left on base; Mobile 3 - Colorado (EL) 4 |
| BOTTOM OF THE 6TH |
|
Colorado (EL) Rockies batting - Pitching for Mobile BayBears : LHP Antoine Champagne
|
|
Batting: SHB Craig Ruzic
|
0-0: DOUBLE (Flyball, 89XD, EV 103.1 MPH)
|
|
Pitching: LHP Heath Henderson
|
|
|
Batting: LHB Daniel Green
|
0-0: Called Strike 0-1: Foul Ball, location: 2F 0-2: Ball 1-2: DOUBLE (Line Drive, 9LS, EV 95.6 MPH) Craig Ruzic scores
|
|
Batting: LHB Nick Martin
|
0-0: Called Strike 0-1: Fly out, F9 (Flyball, 89D, EV 79.4 MPH) Runner from 2nd tags up, SAFE at 3rd, no throw by RF
|
|
Batting: SHB Jamie Mims
|
0-0: Ball 1-0: Ball 2-0: Ground out 5-3 (Groundball, 5, EV 85.6 MPH)
|
|
Batting: LHB Mick Tucker
|
0-0: Called Strike 0-1: Foul Ball, location: 2F 0-2: Ball 1-2: Ball 2-2: Foul Ball, location: 2F 2-2: Foul Ball, location: 2F 2-2: Foul Ball, location: 2F 2-2: Strikes out swinging
|
| Bottom of the 6th over - 1 run, 2 hits, 0 errors, 1 left on base; Mobile 3 - Colorado (EL) 5 |
| TOP OF THE 7TH |
|
Mobile BayBears batting - Pitching for Colorado (EL) Rockies : LHP Jared Lummus
|
|
Pitching: RHP Michael Conrad
|
|
|
Batting: SHB Ken Welch
|
0-0: Ball 1-0: Ball 2-0: Ball 3-0: Base on Balls
|
|
Batting: RHB D.J. Cooke
|
0-0: Hit by Pitch Ken Welch to second
|
|
Batting: RHB Sean Tanner
|
0-0: Ball 1-0: DOUBLE (Line Drive, 9LS, EV 111.2 MPH) Ken Welch scores D.J. Cooke to third
|
|
Pinch Hitting: LHB Yao-pang Tien
|
0-0: Ball 1-0: Ball 2-0: Ball 3-0: Called Strike 3-1: Base on Balls
|
|
Batting: RHB Luke Stark
|
0-0: Ball 1-0: SINGLE (Groundball, 4M, EV 110.0 MPH) D.J. Cooke scores Sean Tanner to third Yao-pang Tien to second Runner from 3rd tries for Home, SAFE, throw by CF to home
|
|
Batting: RHB Francisco Gutierrez
|
0-0: Bunted foul 0-1: Bunt missed! 0-2: Fly out, F3 (Popup, 3L, EV 45.0 MPH)
|
|
Batting: RHB Seth Tramontano
|
0-0: Fly out, F4 (Popup, 4S, EV 79.4 MPH)
|
|
Batting: SHB Rich Muniz
|
0-0: Foul Ball, location: 2F 0-1: Ball 1-1: Ball 2-1: SINGLE (Groundball, 4MD, EV 110.0 MPH) Yao-pang Tien to third Luke Stark to second Runner from 3rd tries for Home, SAFE, throw by CF to home
|
|
Pitching: RHP Dane Long
|
|
|
Batting: RHB Josh Burrows
|
0-0: Ball 1-0: Ball 2-0: Ball 3-0: Base on Balls Luke Stark to third Rich Muniz to second
|
|
Batting: SHB Ken Welch
|
0-0: Called Strike 0-1: Foul Ball, location: 2F 0-2: Strikes out swinging
|
| Top of the 7th over - 4 runs, 3 hits, 0 errors, 3 left on base; Mobile 7 - Colorado (EL) 5 |
| BOTTOM OF THE 7TH |
|
Colorado (EL) Rockies batting - Pitching for Mobile BayBears : LHP Heath Henderson
|
|
Pitching: LHP Josh Hubbard
|
|
|
Now at SS: Frank Mullen
|
|
|
Batting: SHB Bobby Santor
|
0-0: Called Strike 0-1: TRIPLE (Flyball, 89XD, EV 106.2 MPH)
|
|
Batting: RHB Chris Tatum
|
0-0: Ball 1-0: Fly out, F7 (Flyball, 78S, EV 89.4 MPH)
|
|
Pinch Hitting: RHB Zakhar Edelman
|
0-0: Called Strike 0-1: Ball 1-1: Swinging Strike 1-2: Strikes out swinging
|
|
Batting: RHB Dwane Reed
|
0-0: Called Strike 0-1: Ball 1-1: Ball 2-1: Ground out 1-3 (Groundball, 13S, EV 71.9 MPH)
|
| Bottom of the 7th over - 0 runs, 1 hit, 0 errors, 1 left on base; Mobile 7 - Colorado (EL) 5 |
| TOP OF THE 8TH |
|
Mobile BayBears batting - Pitching for Colorado (EL) Rockies : RHP Dane Long
|
|
Now at 2B: Jamie Mims
|
|
|
Now in CF: Zakhar Edelman
|
|
|
Batting: RHB D.J. Cooke
|
0-0: Foul Ball, location: 2F 0-1: Ball 1-1: Swinging Strike 1-2: Ball 2-2: Strikes out swinging
|
|
Batting: RHB Sean Tanner
|
0-0: Called Strike 0-1: Ground out 6-3 (Groundball, 6, EV 86.2 MPH)
|
|
Batting: LHB Frank Mullen
|
0-0: Called Strike 0-1: Ball 1-1: Ball 2-1: Ball 3-1: Called Strike 3-2: Strikes out looking
|
| Top of the 8th over - 0 runs, 0 hits, 0 errors, 0 left on base; Mobile 7 - Colorado (EL) 5 |
| BOTTOM OF THE 8TH |
|
Colorado (EL) Rockies batting - Pitching for Mobile BayBears : LHP Josh Hubbard
|
|
Batting: SHB Craig Ruzic
|
0-0: Ball 1-0: Ball 2-0: Foul Ball, location: 2F 2-1: Ball 3-1: Called Strike 3-2: Ground out 3-1 (Groundball, 34, EV 104.4 MPH)
|
|
Batting: LHB Daniel Green
|
0-0: Ball 1-0: Swinging Strike 1-1: Fly out, F8 (Flyball, 8LD, EV 82.5 MPH)
|
|
Batting: LHB Nick Martin
|
0-0: Ball 1-0: Called Strike 1-1: Ground out 5-3 (Groundball, 56, EV 104.4 MPH)
|
| Bottom of the 8th over - 0 runs, 0 hits, 0 errors, 0 left on base; Mobile 7 - Colorado (EL) 5 |
| TOP OF THE 9TH |
|
Mobile BayBears batting - Pitching for Colorado (EL) Rockies : RHP Dane Long
|
|
Pitching: RHP Tsuneyoshi Kubo
|
|
|
Batting: RHB Luke Stark
|
0-0: Ball 1-0: Swinging Strike 1-1: Swinging Strike 1-2: Strikes out looking
|
|
Batting: RHB Francisco Gutierrez
|
0-0: Ball 1-0: Ball 2-0: Called Strike 2-1: Ball 3-1: Base on Balls
|
|
Batting: RHB Seth Tramontano
|
0-0: Called Strike 0-1: Ball 1-1: Ball 2-1: Ball 3-1: Grounds into double play, 1-4-3 (Groundball, P, EV 73.1 MPH)
|
| Top of the 9th over - 0 runs, 0 hits, 0 errors, 0 left on base; Mobile 7 - Colorado (EL) 5 |
| BOTTOM OF THE 9TH |
|
Colorado (EL) Rockies batting - Pitching for Mobile BayBears : LHP Josh Hubbard
|
|
Pitching: RHP Dan Thompson
|
|
|
Now at 2B: Frank Mullen
|
|
|
Now at 3B: Luke Stark
|
|
|
Now at SS: Reagan Dudley
|
|
|
Batting: SHB Jamie Mims
|
0-0: Called Strike 0-1: Ball 1-1: Ball 2-1: Ground out 4-3 (Groundball, 4, EV 89.4 MPH)
|
|
Batting: LHB Mick Tucker
|
0-0: Called Strike 0-1: Ball 1-1: Fly out, F8 (Flyball, 8LD, EV 100.0 MPH)
|
|
Batting: SHB Bobby Santor
|
0-0: Ball 1-0: SINGLE (Line Drive, 5D, EV 95.0 MPH)
|
|
Batting: RHB Chris Tatum
|
0-0: Foul Ball, location: 2F 0-1: Called Strike 0-2: 2-RUN HOME RUN (Flyball, 7D, EV 99.4 MPH), Distance : 390 ft
|
|
Batting: RHB Zakhar Edelman
|
0-0: Called Strike 0-1: Ball 1-1: Foul Ball, location: 2F 1-2: Strikes out swinging
|
| Bottom of the 9th over - 2 runs, 2 hits, 0 errors, 0 left on base; Mobile 7 - Colorado (EL) 7 |
| TOP OF THE 10TH |
|
Mobile BayBears batting - Pitching for Colorado (EL) Rockies : RHP Tsuneyoshi Kubo
|
|
Pitching: RHP Manny Lebron
|
|
|
Batting: SHB Rich Muniz
|
0-0: Foul Ball, location: 2F 0-1: SOLO HOME RUN (Flyball, 78XD, EV 99.4 MPH), Distance : 410 ft
|
|
Batting: SHB Reagan Dudley
|
0-0: Called Strike 0-1: Ball 1-1: Ball 2-1: Foul Ball, location: 2F 2-2: SINGLE (Line Drive, 9LS, EV 108.1 MPH)
|
|
Batting: SHB Ken Welch
|
0-0: Ball Reagan Dudley steals 2nd base 1-0: Intentional Walk
|
|
Batting: RHB D.J. Cooke
|
0-0: Ball 1-0: Fly out, F3 (Popup, 3F, EV 83.1 MPH)
|
|
Batting: RHB Sean Tanner
|
0-0: Swinging Strike 0-1: Fly out, F9 (Flyball, 9D, EV 102.5 MPH) Runner from 2nd tags up, SAFE at 3rd, no throw by RF
|
|
Batting: LHB Frank Mullen
|
0-0: Ball 1-0: Ball 2-0: Ball 3-0: Base on Balls Ken Welch to second
|
|
Batting: RHB Luke Stark
|
0-0: Ball 1-0: Called Strike 1-1: Ball 2-1: Ball 3-1: Base on Balls Reagan Dudley scores Ken Welch to third Frank Mullen to second
|
|
Batting: RHB Francisco Gutierrez
|
0-0: Ball 1-0: Foul Ball, location: 2F 1-1: Ball 2-1: Foul Ball, location: 2F 2-2: Ground out 6-3 (Groundball, 6MS, EV 90.6 MPH)
|
| Top of the 10th over - 2 runs, 2 hits, 0 errors, 3 left on base; Mobile 9 - Colorado (EL) 7 |
| BOTTOM OF THE 10TH |
|
Colorado (EL) Rockies batting - Pitching for Mobile BayBears : RHP Dan Thompson
|
|
Pinch Hitting: SHB Jeff Sorrels
|
0-0: Ball 1-0: Ground out U3 (Groundball, 34, EV 91.2 MPH)
|
|
Batting: SHB Craig Ruzic
|
0-0: Ball 1-0: Foul Ball, location: 2F 1-1: Foul Ball, location: 2F 1-2: Ball 2-2: Foul Ball, location: 2F 2-2: Ball 3-2: Base on Balls
|
|
Batting: LHB Daniel Green
|
0-0: Ball 1-0: Ball 2-0: Ground out 4-3 (Groundball, 34S, EV 89.4 MPH) Craig Ruzic to second
|
|
Batting: LHB Nick Martin
|
0-0: Ball 1-0: Foul Ball, location: 2F 1-1: DOUBLE (Line Drive, 9LM, EV 106.2 MPH) Craig Ruzic scores
|
|
Batting: SHB Jamie Mims
|
0-0: Fly out, F7 (Line Drive, 78M, EV 90.0 MPH)
|
| Bottom of the 10th over - 1 run, 1 hit, 0 errors, 1 left on base; Mobile 9 - Colorado (EL) 8 |
|